 Dungeon Crawl Stone Soup version 0.17-a0-1-g1f4be75 (webtiles) character file.

11822 Gronka the Blocker (level 12, 92/92 HPs)
             Began as a Human Fighter on Mar 5, 2015.
             Was an Elder of Nemelex Xobeh.
             Drowned
             ... on level 12 of the Dungeon.
             The game lasted 00:50:41 (11177 turns).

Gronka the Blocker (Human Fighter)                 Turns: 11177, Time: 00:50:41

Health: 92/92      AC: 24    Str: 24    XL:     12   Next: 12%
Magic:  17/17      EV:  6    Int: 10    God:    Nemelex Xobeh [****..]
Gold:   641        SH: 21    Dex: 13    Spells: 0 memorised, 11 levels left

rFire  . . .     SeeInvis .     a - +7 long sword
rCold  . . .     Clarity  +     w - +3 plate armour
rNeg   . . .     SustAb   .     n - +2 large shield
rPois  +         Gourm    .     b - +0 helmet
rElec  .         Spirit   .     R - +0 cloak "Ifasila" {-Tele rPois Str+4 Stlth+}
rCorr  .         Warding  .     x - +2 pair of gloves
rMut   .         NoTele   +     p - +0 pair of boots
MR     .....                    f - amulet of clarity
Stlth  ..........               o - ring of flight
                                m - ring of poison resistance

@: not resistant to hostile enchantments, extremely unstealthy
A: no striking features
a: Triple Draw, Deal Four, Renounce Religion, Evoke Flight


You were on level 12 of the Dungeon.
You worshipped Nemelex Xobeh.
Nemelex Xobeh was greatly pleased with you.
You were hungry.

You visited 2 branches of the dungeon, and saw 13 of its levels.

You collected 641 gold pieces.

Inventory:

Hand weapons
 a - a +7 long sword (weapon)
 c - a +1 falchion of slicing
Armour
 b - a +0 helmet (worn)
 n - a +2 large shield (worn)
 p - a +0 pair of boots (worn)
 w - a +3 plate armour (worn)
 x - a +2 pair of gloves (worn)
 R - the +0 cloak "Ifasila" (worn) {-Tele rPois Str+4 Stlth+}
   (You found it on level 10 of the Dungeon)

   It affects your strength (+4).
   It protects you from poison.
   It prevents most forms of teleportation.
   It makes you more stealthy.
Jewellery
 f - an amulet of clarity (around neck)
 m - a ring of poison resistance (left hand)
 o - a ring of flight (right hand)
 I - an uncursed ring of protection from fire
 L - an uncursed amulet of resist corrosion
Magical devices
 g - a wand of magic darts (27)
 i - a wand of enslavement (6)
 s - a wand of flame (27)
 F - a wand of magic darts (36)
 G - a wand of draining (7)
 H - a wand of enslavement (10)
 J - a wand of disintegration (24)
 K - a wand of teleportation (1)
 O - a wand of magic darts (18)
 P - a wand of polymorph (7)
 U - a wand of slowing (22)
 Y - a wand of teleportation (4)
Scrolls
 l - a scroll of identify
 t - 5 scrolls of magic mapping
 y - 2 scrolls of silence
 N - 5 scrolls of remove curse
 Q - a scroll of recharging
Potions
 e - a potion of magic {unknown}
 j - a potion of resistance {unknown}
 k - a potion of mutation {unknown}
 q - 2 potions of haste {unknown}
 r - a potion of cancellation {unknown}
 A - a potion of flight {unknown}
 C - a potion of agility {unknown}
 M - 2 potions of restore abilities
 T - a potion of heal wounds {unknown}
Books
 E - a book of Cantrips

   Spells                             Type                      Level
   a - Corona                         Hexes                        1
   b - Animate Skeleton               Necromancy                   1
   c - Summon Small Mammal            Summoning                    1
   d - Apportation                    Translocation                1
Miscellaneous
 d - a plain deck of destruction {drawn: 12}
 h - an ornate deck of wonders
 D - a legendary deck of destruction
 Z - a plain deck of war {drawn: 3}
Comestibles
 z - a bread ration
 S - 27 fruits
 V - 4 meat rations
 X - a beef jerky


   Skills:
 + Level 8.0 Fighting
 + Level 8.9 Long Blades
 + Level 8.4 Armour
 + Level 4.1 Dodging
 + Level 0.4 Stealth
 + Level 11.6 Shields
 + Level 2.8 Evocations


You had 11 spell levels left.
You didn't know any spells.

Dungeon Overview and Level Annotations

Branches:
Dungeon (12/15)            Temple (1/1) D:5            Lair (0/8) D:11
    Orc (0/4) D:10

Altars:
Ashenzari
Cheibriados
Dithmenos
Elyvilon
Fedhas
Gozag
Kikubaaqudgha
Makhleb
Nemelex Xobeh
Okawaru
Qazlal
Ru
Sif Muna
Trog
Vehumet
Xom
Yredelemnul
Zin
The Shining One

Shops:
D:6 =   D:10 [


Message History

There is a stone staircase leading up here.
You enter the shallow water.
Moving in this stuff is going to be slow.
Partly explored, can't reach some places.
Put on which piece of jewellery? (? for menu, Esc to quit)
You're wearing all the rings you can.
Remove which one? (? for menu, Esc to cancel) < or
m - a ring of poison resistance; > or
I - a ring of protection from fire You remove your ring of protection from fire.
o - a ring of flight (right hand) Use which ability? (? or * to list)
You feel very buoyant.
You fly up into the air.
You are feeling hungry.
Careful!
You are starting to lose your buoyancy.
A shadow comes into view.
You float gracefully downwards.
You fall into the water!
You sink like a stone!
You drown...
You die...
Your body glows with a rainbow of weird colours and disappears.

##### ###≈≈≈###
###≈≈≈≈≈≈≈###
###≈≈≈≈@≈≈≈≈≈≈#
##≈≈≈≈≈≈###≈≈≈≈≈#
##≈≈≈≈≈≈## W≈≈
###≈≈≈≈#### ≈
##≈≈≈≈≈##
#≈≈≈≈### ##≈≈≈##
###≈≈≈##
##≈≈≈≈≈###


You could see a shadow (dormant).

Vanquished Creatures
  Erolcha (D:8)
  2 hill giants
  An unseen horror (D:10)
  A cyclops (D:12)
  A centaur skeleton (D:11)
  The ghost of McCoppin the Quickloader, an experienced FoHu of Trog (D:5)
  A troll (D:11)
  A two-headed ogre (D:9)
  6 yaks
  3 hungry ghosts
  2 trapdoor spiders
  A wyvern (D:11)
  2 deep elf magi (D:9)
  2 hippogriffs
  A steam dragon (D:11)
  A deep elf fighter (D:11)
  2 orc warriors
  A water moccasin (D:9)
  2 wasps
  4 ice beasts
  3 phantoms
  2 sky beasts
  2 crocodiles
  2 black bears
  2 centaurs (D:8)
  6 ogres
  2 big kobolds
  4 giant frogs
  2 scorpions
  3 wights (D:12)
  8 killer bees
  2 goliath beetles
  3 crimson imps
  A giant frog zombie (D:12)
  3 jellies
  2 centaur zombies
  A hound (D:9)
  3 orc priests
  A giant frog skeleton (D:9)
  4 iguanas
  11 worker ants
  6 orc wizards
  2 quasits
  A hound skeleton (D:6)
  A mummy (D:9)
  7 gnolls
  16 adders
  2 orc zombies (D:6)
  3 shadow imps
  2 giant mites
  4 worms
  4 giant geckos
  An ooze (D:1)
  41 orcs
  9 giant cockroaches
  15 hobgoblins
  6 jackals
  4 quokkas
  A ball python (D:4)
  23 bats
  2 giant gecko skeletons
  4 giant newts
  9 goblins
  12 kobolds
  20 rats
  6 ballistomycetes
304 creatures vanquished.

Vanquished Creatures (collateral kills)
  A centaur zombie (D:11)
  Joseph (D:11)
  2 spiny frogs (D:10)
  A two-headed ogre (D:11)
  A wyvern (D:11)
  A human (D:10)
  An adder (D:8)
  An orc (D:11)
  A bat (D:11)
  A quokka (D:8)
  A kobold (D:11)
  A rat (D:11)
  A fungus (D:11)
14 creatures vanquished.

Vanquished Creatures (others)
  A molten gargoyle (D:11)
  A wind drake (D:11)
  A giant newt (D:6)
  4 giant spores
  A ballistomycete (D:9)
  A fungus (D:11)
9 creatures vanquished.

Grand Total: 327 creatures vanquished

Notes
Turn   | Place    | Note
--------------------------------------------------------------
     0 | D:1      | Gronka, the Human Fighter, began the quest for the Orb.
     0 | D:1      | Reached XP level 1. HP: 18/18 MP: 1/1
   101 | D:1      | Reached XP level 2. HP: 18/24 MP: 2/2
   439 | D:1      | Reached XP level 3. HP: 29/29 MP: 3/3
   800 | D:2      | Reached XP level 4. HP: 31/35 MP: 4/4
  1374 | D:3      | Reached skill level 1 in Dodging
  1389 | D:3      | Reached XP level 5. HP: 31/42 MP: 5/5
  1713 | D:3      | Reached skill level 4 in Shields
  1721 | D:3      | Reached XP level 6. HP: 37/48 MP: 6/6
  1916 | D:3      | Found a burning altar of Makhleb.
  1923 | D:3      | Found a glowing golden altar of the Shining One.
  1928 | D:3      | Found a white marble altar of Elyvilon.
  1940 | D:3      | Found a blossoming altar of Fedhas.
  1947 | D:3      | Found a sparkling altar of Nemelex Xobeh.
  1977 | D:3      | Became a worshipper of Nemelex Xobeh the Trickster
  1983 | D:3      | Found a bloodstained altar of Trog.
  1990 | D:3      | Found a glowing silver altar of Zin.
  2197 | D:4      | Received a gift from Nemelex Xobeh
  2343 | D:4      | Reached XP level 7. HP: 25/54 MP: 7/7
  2661 | D:4      | Reached skill level 5 in Shields
  2773 | D:4      | You fall through a shaft!
  2773 | D:5      | Entered Level 5 of the Dungeon
  2790 | D:5      | Found a white marble altar of Elyvilon.
  3136 | D:5      | Noticed McCoppin's ghost (experienced FoHu)
  3160 | D:5      | Killed McCoppin's ghost
  3160 | D:5      | Reached skill level 6 in Shields
  3160 | D:5      | Reached XP level 8. HP: 36/61 MP: 8/8
  3348 | D:5      | Found a shadowy altar of Dithmenos.
  3750 | D:5      | Found a staircase to the Ecumenical Temple.
  3757 | Temple   | Entered the Ecumenical Temple
  3874 | D:6      | Found a snail-covered altar of Cheibriados.
  3894 | D:6      | Found Raubeiv's Jewellery Emporium.
  3979 | D:6      | Reached skill level 5 in Long Blades
  4025 | D:6      | Reached skill level 7 in Shields
  4046 | D:6      | Reached XP level 9. HP: 15/67 MP: 9/9
  4404 | D:6      | Reached skill level 5 in Fighting
  4640 | D:6      | Reached skill level 5 in Armour
  4751 | D:6      | Found a deep blue altar of Sif Muna.
  4836 | D:7      | Found a shadowy altar of Dithmenos.
  4840 | D:7      | Found an opulent altar of Gozag.
  4845 | D:7      | Found a radiant altar of Vehumet.
  5053 | D:7      | Reached skill level 1 in Evocations
  5083 | D:7      | Reached skill level 8 in Shields
  5458 | D:7      | Received a gift from Nemelex Xobeh
  5570 | D:8      | Found a blossoming altar of Fedhas.
  5633 | D:8      | Noticed Erolcha
  6167 | D:8      | Paralysed by Erolcha for 2 turns
  6170 | D:8      | Killed Erolcha
  6170 | D:8      | Reached skill level 9 in Shields
  6170 | D:8      | Reached XP level 10. HP: 4/76 MP: 10/12
  7111 | D:9      | Found a burning altar of Makhleb.
  7143 | D:9      | Acquired Nemelex Xobeh's first power
  7247 | D:9      | Found a stormy altar of Qazlal.
  7369 | D:9      | Noticed a hill giant
  7386 | D:9      | Killed a hill giant
  7536 | D:9      | Reached skill level 10 in Shields
  7880 | D:10     | Entered Level 10 of the Dungeon
  7902 | D:10     | Found a staircase to the Orcish Mines.
  7937 | D:10     | Got a scorched cloak
  7948 | D:10     | Identified the +0 cloak "Ifasila" {-Tele rPois Str+4 Stlth+} (You found it on level 10 of the Dungeon)
  7971 | D:10     | Received a gift from Nemelex Xobeh
  8068 | D:10     | Found Ydir's Antique Armour Shop.
  8229 | D:10     | Reached XP level 11. HP: 42/83 MP: 14/14
  8608 | D:10     | Acquired Nemelex Xobeh's second power
  9321 | D:10     | Killed an unseen horror
  9435 | D:10     | Noticed a hill giant
  9448 | D:10     | Killed a hill giant
  9725 | D:10     | Reached skill level 11 in Shields
  9823 | D:11     | Received a gift from Nemelex Xobeh
  9886 | D:11     | Found a staircase to the Lair.
  9971 | D:11     | Noticed Joseph
  9985 | D:11     | Killed Joseph
 10294 | D:11     | Found a white marble altar of Elyvilon.
 10296 | D:11     | Received a gift from Nemelex Xobeh
 10792 | D:12     | Reached XP level 12. HP: 92/92 MP: 17/17
 10798 | D:12     | Noticed a cyclops
 10810 | D:12     | Killed a cyclops
 10833 | D:12     | Found a white marble altar of Elyvilon.
 11177 | D:12     | Drowned

Action                   |  1- 3 |  4- 6 |  7- 9 | 10-12 || total
-------------------------+-------+-------+-------+-------++-------
Melee: Long sword        |   120 |   248 |   492 |   563 ||  1423
 Abil: Evoke Flight      |       |       |       |     1 ||     1
Evoke: Deck              |       |     1 |    12 |     8 ||    21
       Wand              |       |       |     3 |     4 ||     7
  Use: Potion            |       |     3 |     4 |     1 ||     8
       Scroll            |       |       |    22 |    13 ||    35
  Eat: Bread ration      |       |     2 |       |     3 ||     5
       Meat ration       |       |       |     2 |     1 ||     3
